Map: Curious Minds LE

Players

TradeMarc (uThermal) - Winner!

  • Race: Terran Terran
  • League: Grandmaster

Lambo

  • Race: Zerg Zerg
  • League: Grandmaster

Event: DreamHack SC2 Masters Last Chance 2022

VOD

Have the link to the VOD?

Description

Time

  • Played on: Dec. 17, 2021, 12:39 p.m.
  • Length: 3:38

All games in this series

Show
View Real Time Build Order
Export as new Build Order

TradeMarc Terran - Winner!

Build Orders:  

Get SALT Encoding   

  12  0:00  SCV  
  13  0:14  Supply Depot  
  13  0:36  Barracks  
  13  0:43  Barracks  
  13  0:58  Barracks  
  13  1:02  SCV  
  14  1:14  SCV  
  15  1:23  Marine  
  16  1:31  Supply Depot, Marine  
  17  1:41  Marine  
  17  1:45  Marine  
  19  1:48  Marine  
  20  1:59  Marine  
  21  2:03  Marine  
  21  2:04  Bunker  
  21  2:07  Marine  
  23  2:17  Marine  
  23  2:21  Marine  
  25  2:26  Bunker, Marine  
  26  2:34  Marine  
  27  2:39  Marine  
  28  2:44  Marine  
  29  2:52  Marine  
  29  2:57  Marine  
  28  3:02  Marine  
  29  3:10  Marine  
  30  3:15  Marine  
Show
View Real Time Build Order
Export as new Build Order

Lambo Zerg 

Build Orders: Pool First 

Get SALT Encoding   

  12  0:00  Drone  
  13  0:12  Overlord  
  13  0:16  Drone  
  14  0:30  Drone x2  
  14  0:34  Drone  
  17  0:43  Spawning Pool  
  17  0:47  Drone  
  17  1:07  Hatchery  
  17  1:10  Drone  
  17  1:14  Extractor  
  16  1:18  Drone  
  17  1:29  Zergling x4  
  17  1:31  Queen  
  21  1:39  Overlord  
  21  1:53  Zergling x2  
  22  2:00  Zergling x2  
  22  2:01  Spine Crawler  
  22  2:15  Zergling x2  
  22  2:21  Zergling x4  
  22  2:32  Zergling x4  
  24  2:43  Zergling x2  
  24  2:46  Zergling x2  
  12  3:12  Drone  
  13  3:14  Drone  
  14  3:29  Spine Crawler  

Tags
 
Add a new tag
Caveats
  • Supply blocks, unpowered buildings, or Contaminate may cause inaccurate times.
  • Supply counts are checked every 10 seconds.